 Dungeon Crawl Stone Soup version 0.21-b1-21-g86478ac299 (webtiles) character file.

147 Pixllover the Cudgeler (level 5, 0/70 HPs)
             Began as a Minotaur Berserker on Jan 4, 2018.
             Was a Believer of Trog.
             Slain by a gnoll
             ... wielding a +0 whip
              (8 damage)
             ... on level 2 of the Dungeon.
             The game lasted 00:03:40 (1281 turns).

Pixllover the Cudgeler (Minotaur Berserker)         Turns: 1281, Time: 00:03:41

Health: 0/70       AC:  3    Str: 27    XL:     5   Next: 8%
Magic:  4/4        EV: 12    Int:  4    God:    Trog [**....]
Gold:   77         SH:  0    Dex: 10    Spells: 4/4 levels left

rFire    . . .     SeeInvis .   a - +0 mace
rCold    . . .     Gourm    .   (no shield)
rNeg     . . .     Faith    .   n - +0 leather armour
rPois    .         Spirit   .   (helmet restricted)
rElec    .         Reflect  .   (no cloak)
rCorr    .         Harm     .   (no gloves)
MR       .....                  (no boots)
Stlth    ..........             (no amulet)
HPRegen  0.21/turn              (no ring)
MPRegen  0.09/turn              (no ring)

@: berserking, very quick
A: retaliatory headbutt, horns 2
a: Berserk, Trog's Hand, Burn Spellbooks, Renounce Religion


You were on level 2 of the Dungeon.
You worshipped Trog.
Trog was pleased with you.
You were very hungry.

You visited 1 branch of the dungeon, and saw 2 of its levels.

You collected 77 gold pieces.

Inventory:

Hand Weapons
 a - a +0 mace (weapon)
Armour
 b - a +0 animal skin
 n - a +0 leather armour (worn)
Wands
 p - a wand of random effects (33)
Scrolls
 e - 2 scrolls of identify {unknown}
 f - a scroll of amnesia {unknown}
 i - a scroll of teleportation {unknown}
 k - a scroll of blinking {unknown}
 o - 3 scrolls of random uselessness {unknown}
 s - a scroll of magic mapping {unknown}
Potions
 d - a potion of ambrosia {unknown}
 g - 2 potions of degeneration {unknown}
 j - a potion of brilliance {unknown}
 l - 2 potions of heal wounds {unknown}
 m - a potion of flight {unknown}
 q - a potion of haste {unknown}
 r - a potion of might {unknown}
Comestibles
 c - 2 rations
 h - 5 chunks of flesh


   Skills:
 + Level 4.6 Fighting
 + Level 5.6 Maces & Flails
 + Level 2.7 Armour
 + Level 3.0 Dodging
 + Level 0.6 Stealth


You had 4 spell levels left.
You didn't know any spells.

Dungeon Overview and Level Annotations

Branches:
Dungeon (2/15)

Altars:


Innate Abilities, Weirdness & Mutations

You reflexively headbutt those who attack you in melee.
You have a pair of horns on your head.


Message History

The gnoll barely misses you.
You sock the gnoll! You headbutt the gnoll.
The gnoll is severely wounded.
The gnoll hits you with a whip! The gnoll misses you.
You hit the gnoll but do no damage. The gnoll barely misses you.
The gnoll hits you with a flail.
You hit the gnoll. Your headbutt misses the gnoll.
The gnoll is lightly wounded.
The gnoll hits you with a whip! The gnoll barely misses you.
You closely miss the gnoll. You headbutt the gnoll.
The gnoll is moderately wounded.
The gnoll hits you with a whip! The gnoll hits you with a flail.
* * * LOW HITPOINT WARNING * * *
The gnoll hits you with a whip.
* * * LOW HITPOINT WARNING * * *
A red film seems to cover your vision as you go berserk!
You feel yourself moving faster!
You feel mighty!
You are feeling very hungry.
The gnoll hits you with a whip!
You die...

.....###..... ...
...........# ...
..........## ...
.w........ ...
#..##.#..# ...
#gg##.#..# ..#
#.##.#..#
######.##.#g.# #.#
#.# #......(.wg@.#
#.# #.#
#########.##.# #.#
#.# #.##.# #.# #.#
#.##.# #.# #..
#.##.# #.# #.#
#.##.#######.#####.#
#...................
####.#############.#
#...............#


You could see a worm and 2 gnolls.

Vanquished Creatures
  Natasha (thrice) (D:2)
  A gnoll (D:2)
  An adder (D:2)
  2 worms (D:2)
  A dart slug (D:1)
  2 leopard geckos (D:1)
  6 bats
  A giant cockroach (D:1)
  4 goblins
  4 hobgoblins
  9 jackals
  2 ball pythons (D:1)
  2 frilled lizards (D:2)
  3 kobolds
  2 rats
43 creatures vanquished.

Notes
Turn   | Place    | Note
-------+----------+-------------------------------------------
     0 | D:1      | Pixllover the Minotaur Berserker began the quest for the Orb.
     0 | D:1      | Reached XP level 1. HP: 19/19 MP: 0/0
   306 | D:1      | Reached skill level 4 in Maces & Flails
   306 | D:1      | Reached XP level 2. HP: 13/27 MP: 1/1
   877 | D:1      | You fall through a shaft!
   885 | D:2      | Noticed Natasha
   892 | D:2      | Killed Natasha
   892 | D:2      | Reached XP level 3. HP: 32/34 MP: 2/2
   900 | D:2      | Noticed Natasha
   903 | D:2      | Killed Natasha
   903 | D:2      | Reached skill level 5 in Maces & Flails
   903 | D:2      | Reached XP level 4. HP: 41/41 MP: 3/3
   967 | D:2      | Reached ** piety under Trog
  1028 | D:2      | Noticed Natasha
  1037 | D:2      | Killed Natasha
  1153 | D:2      | Found a faded altar of an unknown god.
  1247 | D:2      | Reached XP level 5. HP: 47/47 MP: 4/4
  1281 | D:2      | Slain by a gnoll

Skill      XL: |  1  2  3  4 |
---------------+-------------+-----
Maces & Flails | 4 5 |  5.6
Fighting       | 4 |  4.6
Dodging        | 3 |  3.0
Armour         | |  2.7
Stealth        | |  0.6

Action                   |  1- 3 |  4- 6 || total
-------------------------+-------+-------++-------
Melee: Mace              |    40 |    61 ||   101
       Headbutt          |     6 |    14 ||    20
Invok: Berserk           |       |     1 ||     1
  Eat: Chunk             |       |     1 ||     1
Armor: Animal skin       |     7 |       ||     7
       Leather armour    |     4 |    23 ||    27
Dodge: Dodged            |    29 |    70 ||    99
